 Dungeon Crawl Stone Soup version 0.29-a0-1008-g949cc1d0fb (webtiles) character file.

Game seed: 3079522636830596953

415 gelatine the Vexing (level 6, 0/47 HPs)
             Began as a Barachi Arcane Marksman on Aug 8, 2022.
             Slain by Pikel
             ... wielding a +2 whip of freezing
              (2 damage)
             ... on level 5 of the Dungeon.
             The game lasted 00:10:47 (4694 turns).

gelatine the Vexing (Barachi Arcane Marksman)       Turns: 4694, Time: 00:10:50

Health: 0/47       AC:  2    Str: 12    XL:     6   Next: 92%
Magic:  8/9        EV: 12    Int: 22    God:
Gold:   167        SH:  0    Dex: 12    Spells: 9/10 levels left

rFire   . . .      SeeInvis .   q - +8 spear of Excruciating Pain {vamp, Contam Int+7}
rCold   . . .      Faith    .   (no shield)
rNeg    . . .      Spirit   .   c - +0 robe
rPois   +          Reflect  .   (no helmet)
rElec   .          Harm     .   (no cloak)
rCorr   .          Rampage  .   (no gloves)
Will    .....                   (no boots)
Stlth   +.........              (no amulet)
HPRegen 0.15/turn               v - ring of poison resistance
MPRegen 0.11/turn               (no ring)

@: flying, slow
A: amphibious, slowness 1, strong legs 1, +LOS
a: Hop


You were on level 5 of the Dungeon.
You visited 1 branch of the dungeon, and saw 5 of its levels.

You collected 167 gold pieces.

Inventory:

Hand Weapons
 a - a +1 sling
 q - the +8 spear of Excruciating Pain (weapon) {vamp, Contam Int+7}
   (You found it on level 3 of the Dungeon)

   It occasionally heals its wielder for a portion of the damage dealt when it
   wounds a living foe.
   Int:       It affects your intelligence (+7).
   Contam:    It causes magical contamination when unequipped.
Armour
 c - a +0 robe (worn)
Jewellery
 v - a ring of poison resistance (left hand)
Wands
 x - a wand of charming (4)
Scrolls
 b - 3 scrolls of poison
 d - a scroll of summoning {unknown}
 f - a scroll of enchant armour {unknown}
 g - 2 scrolls of enchant weapon {unknown}
 h - 5 scrolls of immolation {unknown}
 i - a scroll of acquirement {unknown}
 j - 2 scrolls of vulnerability {unknown}
 k - a scroll of noise {unknown}
 l - a scroll of identify {unknown}
 r - a scroll of brand weapon {unknown}
 t - a scroll of teleportation {unknown}
Potions
 e - 2 potions of flight
 m - a potion of haste {unknown}
 n - a potion of might {unknown}
 o - a potion of degeneration {unknown}
 p - a potion of heal wounds {unknown}
 s - a potion of magic {unknown}
 u - a potion of mutation {unknown}
 w - a potion of attraction {unknown}
 z - a potion of brilliance {unknown}


   Skills:
 + Level 3.0 Fighting
 * Level 2.6 Polearms
 + Level 3.9 Ranged Weapons
 + Level 3.1 Dodging
 + Level 0.6 Stealth
 + Level 2.5 Spellcasting
 + Level 4.5 Hexes


You had 9 spell levels left.
You knew the following spells:

 Your Spells              Type           Power      Damage    Failure   Level
a - Slow                  Hex            88%        N/A       1%          1

Your spell library contained the following spells:

 Spells                   Type           Power      Damage    Failure   Level
 Necrotise                Necr           8%         1d4       13%         1
 Inner Flame              Hex/Fire       12%        N/A       16%         3
 Portal Projectile        Hex/Tloc       24%        N/A       16%         3
 Cause Fear               Hex            11%        N/A       21%         4
 Vampiric Draining        Necr           2%         2d6       36%         3
 Airstrike                Air            1%         2d(1-17)  78%         4
 Summon Lightning Spire   Summ/Air       2%         N/A       78%         4
 Agony                    Necr           2%         N/A       98%         5
 Lightning Bolt           Conj/Air       1%         1d12      98%         5


Dungeon Overview and Level Annotations

Branches:
Dungeon (5/15)
 Temple: D:4-7

Altars:
Makhleb
Nemelex Xobeh
Okawaru
Trog
Uskayaw
Vehumet
Xom

Shops:
D:4 :

Annotations:
D:4 2 transporters, xian's ghost, amateur DsWn
D:5 Pikel


Innate Abilities, Weirdness & Mutations

You are amphibious.
You cover ground slowly.
You can hop short distances.
You have an extended range of vision and can be seen from far away.


Message History

Partly explored, unvisited transporter.
The orc shouts!
The kobold shouts!
You hear a shout!
Xian's ghost turns its malevolent gaze towards you.
The orc shouts!
The jelly quivers.
Xian's ghost ripples.
There is a stone staircase leading down here.
There is a stone staircase leading down here.
You climb downwards.
Pikel shouts!
The lemure shouts! x4; You hear a shout!
Found a wooden ring.
Found a stone staircase leading up.
There is a stone staircase leading up here.
Pikel seems to slow down.
Found a leather armour.
Found a stone staircase leading up.
An iguana comes into view.
The lemure hits you. Pikel completely misses you.
The iguana moves out of view.
You completely miss Pikel.
An ogre comes into view. It is wielding a +0 giant club.
The lemure hits you.
Pikel hits you with a +2 whip of freezing!
Pikel freezes you.
You hit Pikel.
Pikel is lightly wounded.
The lemure barely misses you.
You closely miss Pikel.
Pikel is lightly wounded.
The lemure hits you! x2
* * * LOW HITPOINT WARNING * * *
Pikel zaps a wand.
The bolt of dispelling energy misses you.
The lemure hits you!
* * * LOW HITPOINT WARNING * * *
It was a potion of flight.
You feel very buoyant.
You fly up into the air.
The lemure barely misses you. The lemure hits you.
* * * LOW HITPOINT WARNING * * *
The lemure hits you but does no damage. The lemure hits you.
* * * LOW HITPOINT WARNING * * *
Pikel hits you with a +2 whip of freezing.
You die...

#. ### . . ...
.##.#.. # . .
...#.. .# ..
..##O...###.##...
........+.......#
.##.....#.#.#....
.......K5....#
#.5@..[<#
#.55.####
#...<...#
#..........#
.......#........
........#.###.###
........... ..
#...#......#. ..
....+.........


You could see Pikel (slow), an ogre and 4 lemures.

Vanquished Creatures
  A bullfrog (D:4)
  2 howler monkeys (D:4)
  A hound (D:4)
  2 jellies (D:4)
  An iguana (D:3)
  8 adders
  3 worms (D:2)
  4 dart slugs
  An orc (D:4)
  6 endoplasms
  A giant cockroach (D:4)
  7 goblins
  8 hobgoblins
  A jackal (D:2)
  9 kobolds
  5 quokkas
  6 ball pythons
  A bat (D:2)
  3 frilled lizards
  11 rats
81 creatures vanquished.

Notes
Turn   | Place    | Note
-------+----------+-------------------------------------------
     0 | D:1      | gelatine the Barachi Arcane Marksman began the quest for
                  | the Orb.
     0 | D:1      | Reached XP level 1. HP: 15/15 MP: 2/2
   232 | D:1      | Found a faded altar of an unknown god.
   564 | D:1      | Reached XP level 2. HP: 21/21 MP: 1/3
   820 | D:2      | Reached XP level 3. HP: 26/26 MP: 3/5
  1270 | D:2      | Found a shimmering altar of Xom.
  1777 | D:2      | Reached XP level 4. HP: 33/33 MP: 6/6
  2668 | D:3      | Identified the +8 spear of Excruciating Pain {vamp, Contam
                  | Int+7}
  2938 | D:3      | Reached XP level 5. HP: 23/39 MP: 7/7
  3914 | D:4      | Found a bloodstained altar of Trog.
  3919 | D:4      | Reached skill level 1 in Polearms
  3973 | D:4      | Reached XP level 6. HP: 40/46 MP: 7/9
  4094 | D:4      | Reached skill level 4 in Hexes
  4245 | D:4      | Found Korgh's Book Shop.
  4278 | D:4      | Noticed xian's ghost (amateur DsWn)
  4308 | D:4      | Found a transporter.
  4313 | D:4      | Found a transporter.
  4459 | D:4      | Found a radiant altar of Vehumet.
  4464 | D:4      | Found a sparkling altar of Nemelex Xobeh.
  4464 | D:4      | Found an iron altar of Okawaru.
  4482 | D:4      | Found a hide-covered altar of Uskayaw.
  4485 | D:4      | Found a burning altar of Makhleb.
  4687 | D:5      | Entered Level 5 of the Dungeon
  4687 | D:5      | Noticed Pikel
  4694 | D:5      | HP: 2/47 [lemure[Pikel] (2)]
  4694 | D:5      | Slain by Pikel

Illustrated notes

Levels and vault maps discovered:
D:1:      dpeg_arrival_three_same_balls, layout_loops_ring,
          chequers_ecumenical_altar_twisty
D:2:      layout_loops_ring, basic_altar, minmay_heptomino_w4
D:3:      layout_loops_corners, feat_on_display
D:4:      layout_loops_ring, bloody_trog, minmay_overflow_temple_star_hex,
          serial_shops, nicolae_take_the_stairs, gammafunk_ghost_arena
D:5:      layout_basic, serial_park_tiny_1, uniq_blork_the_orc, uniq_pikel,
          uniq_crazy_yiuf_cottage

Skill      XL: |  1  2  3  4  5  6 |
---------------+-------------------+-----
Fighting       | 2 3 |  3.0
Ranged Weapons | 3 |  3.9
Dodging        | 3 |  3.1
Polearms       | 1 2 |  2.6
Spellcasting   | 2 |  2.5
Hexes          | 4 |  4.5
Stealth        | |  0.6

Action                   |  1- 3 |  4- 6 || total
-------------------------+-------+-------++-------
Melee: Spear             |       |   107 ||   107
       Punch             |       |     1 ||     1
 Fire: Sling             |    98 |    54 ||   152
 Cast: Slow              |     8 |    34 ||    42
  Use: Potion            |       |     1 ||     1
Armor: Robe              |     5 |     9 ||    14
Dodge: Dodged            |    26 |    76 ||   102

Table legend: (Time is in decaauts)
 A = Elapsed time spent in this place.
 B = Non-inter-level travel time spent in this place.
 C = Inter-level travel time spent in this place.
 D = Time resting spent in this place.
 E = Time spent auto-exploring this place.
 F = Levels seen in this place.
 G = Mean time per level.
                   A        B        C        D        E       F      G
               +--------+--------+--------+--------+--------+-----+--------+
         Total |   5251 |   5051 |    200 |     34 |   4272 |   5 | 1050.2 |
       Dungeon |   5251 |   5051 |    200 |     34 |   4272 |   5 | 1050.2 |
               +--------+--------+--------+--------+--------+-----+--------+

Top non-repeatable levels by time:
     D:3: 1704 daAuts
     D:2: 1668 daAuts
     D:4: 958 daAuts
     D:1: 914 daAuts
     D:5: 7 daAuts
